 Dungeon Crawl Stone Soup version 0.28.0-47-ge53b351184 (webtiles) character file.

Game seed: 10130793541163643915

2074 RatsInWalls the Sneak (level 9, -7/53 HPs)
             Began as a Kobold Conjurer on May 9, 2022.
             Mangled by an orc warrior
             ... wielding a +0 glaive
              (20 damage)
             ... on level 9 of the Dungeon.
             The game lasted 00:17:27 (7819 turns).

RatsInWalls the Sneak (Kobold Conjurer)             Turns: 7819, Time: 00:17:27

Health: -7/53      AC:  6    Str:  5    XL:     9   Next: 50%
Magic:  11/18      EV: 17    Int: 23    God:
Gold:   251        SH:  0    Dex: 13    Spells: 8/21 levels left

rFire   . . .      SeeInvis .   g - +4 short sword
rCold   . . .      Faith    .   (no shield)
rNeg    . . .      Spirit   .   a - +0 robe
rPois   .          Reflect  .   i - +0 helmet
rElec   .          Harm     .   s - +0 cloak
rCorr   .          Rampage  .   n - +0 pair of gloves
Will    .....                   q - +0 pair of boots
Stlth   ++++......              r - amulet of magic regeneration
HPRegen 0.17/turn               (no ring)
MPRegen 0.56/turn               (no ring)

@: no status effects
A: small, no large weapons, nightstalker 3
a: no special abilities


You were on level 9 of the Dungeon.
You visited 1 branch of the dungeon, and saw 8 of its levels.

You collected 277 gold pieces.
You spent 26 gold pieces at shops.

Inventory:

Hand Weapons
 g - a +4 short sword (weapon)
Missiles
 x - a throwing net
Armour
 a - a +0 robe (worn)
 i - a +0 helmet (worn)
 m - a +0 buckler
 n - a +0 pair of gloves (worn)
 q - a +0 pair of boots (worn)
 s - a +0 cloak (worn)
Magical Staves
 c - a staff of death
Jewellery
 r - an amulet of magic regeneration (around neck)
 y - a ring of wizardry
 z - the amulet of Cisoexo {Faith rPois}
   (You found it on level 9 of the Dungeon)

   [amulet of faith]

   It allows you to gain divine favour quickly.
   rPois:     It protects you from poison.
Wands
 l - a wand of flame (12)
 u - a wand of paralysis (15)
 w - a wand of acid (5)
Scrolls
 b - a scroll of teleportation
 d - a scroll of silence {unknown}
 e - a scroll of fog {unknown}
 f - a scroll of amnesia
 h - a scroll of brand weapon {unknown}
 t - a scroll of blinking
Potions
 j - a potion of magic {unknown}
 k - 2 potions of might
 p - a potion of lignification
 v - a potion of invisibility


   Skills:
 + Level 4.9 Fighting
 + Level 6.2 Dodging
 + Level 7.2 Stealth
 + Level 6.6 Spellcasting
 + Level 6.2 Conjurations
 * Level 0.8 Summonings
 - Level 2.9 Necromancy


You had 8 spell levels left.
You knew the following spells:

 Your Spells              Type           Power      Damage    Failure   Level
a - Magic Dart            Conj           100%       1d8       1%          1
b - Searing Ray           Conj           72%        2d7       1%          2
c - Summon Hydra          Summ           5%         N/A       100%        7
d - Vampiric Draining     Necr           21%        2d7       8%          3

Your spell library contained the following spells:

 Spells                   Type           Power      Damage    Failure   Level
 Animate Skeleton         Necr           42%        N/A       2%          1
 Pain                     Necr           84%        1d8       2%          1
 Sublimation of Blood     Necr           21%        N/A       3%          2
 Dazzling Flash           Conj/Hex       44%        N/A       7%          3
 Wereblood                Tmut           7%         N/A       12%         2
 Fulminant Prism          Conj/Hex       11%        3d9       22%         4
 Iskenderun's Mystic Bla  Conj/Tloc      22%        2d6       22%         4


Dungeon Overview and Level Annotations

Branches:
Dungeon (7/15)
 Temple: D:4-7

Altars:
Ashenzari
Kikubaaqudgha

Shops:
D:6 *


Innate Abilities, Weirdness & Mutations

You are small and have problems with some larger weapons.
You are completely attuned to the shadows.


Message History

Confirm with . or Enter, or press ? or * to list all spells.
Aiming: Searing Ray (safe; 1% risk of failure)
Press: ? - help, Shift-Dir - straight line, f/p - orc warrior
Aim: an orc warrior, wielding a +0 glaive and wearing a +0 plate armour (heavily wounded, 81% to hit)
The searing ray misses the orc warrior.
The searing ray misses the orc wizard. (Press . to maintain the ray.)
The orc warrior hits you from afar with a +0 glaive!
The searing ray hits the orc warrior.
The orc warrior is heavily wounded.
You hear a shout!
The orc warrior closely misses you. The orc wizard casts a spell at you.
You easily resist.
An orc wizard comes into view.
It is wielding a +0 dagger and wearing a +2 robe of willpower.
The searing ray misses the orc warrior.
The searing ray misses the orc wizard.
The orc warrior hits you from afar with a +0 glaive!
The searing ray hits the orc wizard!
The orc wizard is severely wounded.
The searing ray hits the orc warrior!
The orc warrior is severely wounded.
The searing ray hits the orc wizard.
The orc wizard is moderately wounded.
You finish channelling your searing ray.
The orc wizard gestures wildly while chanting.
The orc wizard flickers and vanishes!
Deactivating autopickup; reactivate with Ctrl-A.
The orc warrior hits you from afar with a +0 glaive!!
* * * LOW HITPOINT WARNING * * *
Casting: Searing Ray (safe; 1% risk of failure)
Confirm with . or Enter, or press ? or * to list all spells.
Aiming: Vampiric Draining (dangerous; 8% risk of failure)
Press: ? - help, Shift-Dir - straight line, p - orc warrior You draw life force from something.
Reactivating autopickup.
You feel a bit more experienced.
You feel life coursing into your body.
The orc warrior hits you from afar with a +0 glaive!
* * * LOW HITPOINT WARNING * * *
You feel better.
The orc warrior hits you from afar with a +0 glaive!!
You die...

# [####+####
......#... ......#...
##..............#....
.....................
....o................
....o................
....@................
.....................
..........#..........
.........##..........
.........##..........
##.......####.......#
#.......# ###.....#
##....### ###...#
#####


You could see an orc warrior and an orc wizard.

Vanquished Creatures
  Eustachio (D:4)
  Sigmund (D:2)
  A hornet zombie (D:5)
  A necrophage (D:6)
  An ice beast (D:6)
  2 centaurs (D:6)
  2 ogres
  3 phantoms
  3 scorpions
  A water moccasin zombie (D:5)
  4 wights (D:6)
  A centaur skeleton (D:4)
  3 hounds
  A gnoll shaman (D:6)
  2 orc priests
  3 iguanas
  2 orc wizards
  A killer bee zombie (D:6)
  Robin (D:2)
  A howler monkey skeleton (D:5)
  7 gnolls (D:6)
  2 adders
  6 worms
  3 dart slugs
  10 orcs
  11 bats
  6 endoplasms
  9 goblins
  7 hobgoblins
  2 quokkas
  6 ball pythons
  4 frilled lizards (D:1)
  13 kobolds
  4 rats
125 creatures vanquished.

Notes
Turn   | Place    | Note
-------+----------+-------------------------------------------
     0 | D:1      | RatsInWalls the Kobold Conjurer began the quest for the
                  | Orb.
     0 | D:1      | Reached XP level 1. HP: 10/10 MP: 3/3
   285 | D:1      | Reached XP level 2. HP: 16/16 MP: 1/5
   481 | D:1      | Reached skill level 3 in Stealth
   648 | D:1      | Learned a level 2 spell: Searing Ray
   806 | D:1      | Reached XP level 3. HP: 20/20 MP: 3/6
  1450 | D:2      | Noticed Sigmund
  1695 | D:2      | Killed Sigmund
  1696 | D:2      | Reached skill level 4 in Stealth
  1696 | D:2      | Reached XP level 4. HP: 3/26 MP: 0/9
  1696 | D:2      | Reached XP level 5. HP: 4/30 MP: 0/10
  2009 | D:2      | Found a faded altar of an unknown god.
  2167 | D:2      | Noticed Robin
  2180 | D:2      | Killed Robin
  2181 | D:2      | Reached XP level 6. HP: 18/35 MP: 0/11
  3223 | D:3      | Noticed an ogre
  3228 | D:3      | Killed an ogre
  3872 | D:3      | Reached XP level 7. HP: 40/40 MP: 10/13
  4404 | D:4      | Noticed Eustachio
  4412 | D:4      | Killed Eustachio
  4413 | D:4      | Reached skill level 5 in Stealth
  4413 | D:4      | Reached skill level 5 in Conjurations
  4742 | D:4      | Found a broken altar of Ashenzari.
  4957 | D:4      | Reached skill level 5 in Spellcasting
  5080 | D:4      | Reached XP level 8. HP: 46/46 MP: 9/15
  5407 | D:5      | Entered Level 5 of the Dungeon
  5854 | D:5      | Reached skill level 5 in Dodging
  6039 | D:5      | Reached skill level 6 in Stealth
  6649 | D:6      | Found Neranatz's General Store.
  6658 | D:6      | Bought a scroll of identify for 26 gold pieces
  6785 | D:6      | Reached skill level 1 in Necromancy
  6785 | D:6      | Reached XP level 9. HP: 52/52 MP: 14/18
  7200 | D:6      | Reached skill level 7 in Stealth
  7464 | D:6      | Learned a level 7 spell: Summon Hydra
  7468 | D:6      | Learned a level 3 spell: Vampiric Draining
  7589 | D:6      | Found an ancient bone altar of Kikubaaqudgha.
  7769 | D:7      | You fall into a shaft and drop 2 floors!
  7804 | D:9      | Identified the amulet of Cisoexo {Faith rPois}
  7818 | D:9      | HP: 2/53 [orc warrior/+0 glaive (13)]
  7819 | D:9      | Mangled by an orc warrior

Illustrated notes

Levels and vault maps discovered:
D:1:      ebering_trefoil_twist, layout_basic, minmay_bisected
D:2:      layout_rooms, shapermc_ecumenical_altar_petra, minmay_misc_feat_chi,
          hangedman_feature_mirror, serial_park_tiny_pond, uniq_robin,
          uniq_sigmund
D:3:      layout_loops_ring
D:4:      layout_rooms, ashenzari_conservatory_becter, serial_rivers,
          chequers_serial_rivers_micro_d, chequers_serial_rivers_large_a,
          chequers_serial_rivers_micro_e, chequers_serial_rivers_micro_c,
          chequers_serial_rivers_small_b, chequers_serial_rivers_marsh,
          chequers_serial_rivers_micro_d, uniq_eustachio
D:5:      layout_basic
D:6:      layout_cave_pools, mainiacjoe_overflow_24_doors, serial_shops,
          nicolae_shop_advertising_works [nicolae_subvault_shop_adworks]
D:7:      layout_loops_ring, minmay_temple_entry_mini_moons, uniq_pikel
D:9:      nicolae_cairo_tiling_very_big, layout_cross

Skill      XL: |  1  2  3  4  5  6  7  8  9 |
---------------+----------------------------+-----
Stealth        | 3 4 5 6 7 |  7.2
Fighting       | 2 3 4 |  4.9
Dodging        | 3 4 5 6 |  6.2
Spellcasting   | 3 4 5 6 |  6.6
Conjurations   | 5 6 |  6.2
Necromancy     | 1 2 |  2.9
Summonings     | |  0.8

Action                   |  1- 3 |  4- 6 |  7- 9 || total
-------------------------+-------+-------+-------++-------
Melee: Unarmed           |    12 |       |       ||    12
       Short sword       |     1 |     7 |     2 ||    10
 Cast: Magic Dart        |    58 |    49 |    47 ||   154
       Searing Ray       |     4 |    14 |    56 ||    74
       Vampiric Draining |       |       |     1 ||     1
  Use: Scroll            |       |       |     8 ||     8
       Potion            |       |       |     1 ||     1
Armor: Robe              |       |     4 |    12 ||    16
Dodge: Dodged            |    17 |    15 |    48 ||    80
